 Dungeon Crawl Stone Soup version 0.18.1-48-g4cf74bf (webtiles) character file.

4303 sarahorange the Destroyer (level 10, -4/74 HPs)
             Began as a Purple Draconian Conjurer on June 23, 2016.
             Was a Priest of Sif Muna.
             Slain by a five-headed hydra (12 damage)
             ... on level 1 of the Lair of Beasts on June 24, 2016.
             The game lasted 01:41:19 (11609 turns).

sarahorange the Destroyer (DrCj)                   Turns: 11609, Time: 01:41:20

Health: -4/74      AC: 10    Str: 13    XL:     10   Next: 11%
Magic:  11/32      EV: 14    Int: 24    God:    Sif Muna [***...]
Gold:   298        SH:  0    Dex: 12    Spells: 6 memorised, 8 levels left

rFire  + . .     SeeInvis .     P - +7 war axe "Giantslayer" {flame, -Tele rElec Str+2 Int+6}
rCold  . . .     Gourm    .     (armour unavailable)
rNeg   . . .     Faith    .     (no shield)
rPois  .         Spirit   .     (helmet restricted)
rElec  +         Dismiss  +     l - +2 cloak
rCorr  .         Reflect  .     (no gloves)
SustAt .         Harm     .     (no boots)
MR     +....     NoTele   +     c - amulet of dismissal
Stlth  ++........               y - ring of protection from fire
                                w - ring of magical power

@: very slightly contaminated, somewhat resistant to hostile enchantments,
unstealthy
A: breathe power, unfitting armour, cold-blooded, AC +7
a: Breathe Dispelling Energy, Channel Energy, Renounce Religion


You were on level 1 of the Lair of Beasts.
You worshipped Sif Muna.
Sif Muna was most pleased with you.
You were not hungry.

You visited 3 branches of the dungeon, and saw 12 of its levels.
You also visited: Sewer.

You collected 298 gold pieces.

Inventory:

Hand Weapons
 e - a +0 dagger
 i - a -2 rapier
 m - a +3 dagger of speed
 n - a +1 quarterstaff of protection
 D - a +2 spear of flaming
 E - a +1 hand axe of electrocution
 O - a -2 quarterstaff
 P - the +7 war axe "Giantslayer" (weapon) {flame, -Tele rElec Str+2 Int+6}
   (You found it on level 1 of the Lair of Beasts)

   It has been specially enchanted to burn those struck by it, causing extra
   injury to most foes and up to half again as much damage against particularly
   susceptible opponents.
   Big, fiery blades are also staple armaments of hydra-hunters.
   It affects your strength (+2).
   It affects your intelligence (+6).
   It insulates you from electricity.
   It prevents most forms of teleportation.
 Q - a +2 war axe of freezing
 T - the +6 dagger "Ucochin" {freeze, *Noise rC++}
   (You found it on level 1 of the Lair of Beasts)

   It has been specially enchanted to freeze those struck by it, causing extra
   injury to most foes and up to half again as much damage against particularly
   susceptible opponents.
   It can also slow down cold-blooded creatures.
   It greatly protects you from cold.
   It may make noises in combat.
Missiles
 j - 240 stones (quivered)
 J - a throwing net
Armour
 l - a +2 cloak (worn)
Jewellery
 c - an amulet of dismissal (around neck)
 w - a ring of magical power (left hand)
 x - an uncursed ring of ice
 y - a ring of protection from fire (right hand)
Wands
 h - a wand of flame (28/48)
 s - a wand of polymorph (9/24)
 B - a wand of acid (3/15)
 H - a wand of iceblast (6/15)
Scrolls
 o - a scroll of fog
 p - 5 scrolls of fear
 q - a scroll of amnesia
 C - 2 scrolls of remove curse
 F - a scroll of magic mapping {unknown}
 G - 3 scrolls of teleportation
 I - a scroll of recharging {unknown}
 M - a scroll of enchant armour
 R - a scroll of immolation
Potions
 d - 5 potions of curing
 f - a potion of agility
 g - 2 potions of berserk rage {unknown}
 k - 2 potions of lignification {unknown}
 r - a potion of might
 t - 2 potions of magic {unknown}
 u - 3 potions of heal wounds
 v - 2 potions of brilliance
 z - a potion of cancellation {unknown}
 A - a potion of mutation {unknown}
Books
 a - a book of Conjurations

   Spells                             Type                      Level
   a - Magic Dart                     Conjuration                  1
   b - Searing Ray                    Conjuration                  2
   c - Dazzling Spray                 Conjuration/Hexes            3
   d - Fulminant Prism                Conjuration/Hexes            4
   e - Iskenderun's Mystic Blast      Conjuration                  4
   f - Iskenderun's Battlesphere      Conjuration/Charms           5
Miscellaneous
 N - a plain deck of changes
Comestibles
 b - 12 bread rations
 K - 7 beef jerkies
 L - 3 chunks of flesh
 S - a slice of pizza


   Skills:
 + Level 2.3 Fighting
 + Level 1.3 Short Blades
 + Level 5.0 Dodging
 + Level 3.5 Stealth
 + Level 0.6 Unarmed Combat
 + Level 9.0 Spellcasting
 + Level 10.6 Conjurations
 + Level 3.2 Hexes


You had 8 spell levels left.
You knew the following spells:

 Your Spells              Type           Power        Failure   Level  Hunger
a - Magic Dart            Conj           ####         1%          1    None
b - Searing Ray           Conj           ######       1%          2    None
c - Dazzling Spray        Conj/Hex       #####.       1%          3    None
d - Iskenderun's Mystic   Conj           ######..     1%          4    ##.....
e - Fulminant Prism       Conj/Hex       #####.....   3%          4    ##.....
f - Iskenderun's Battles  Conj/Chrm      #####...     21%         5    ####...


Dungeon Overview and Level Annotations

Branches:
Dungeon (10/15)            Temple (1/1) D:6            Lair (1/8) D:8
    Orc: D:9-12

Altars:
Ashenzari
Cheibriados
Dithmenos
Fedhas
Gozag
Kikubaaqudgha
Makhleb
Nemelex Xobeh
Pakellas
Qazlal
Ru
Sif Muna
Trog
Vehumet
Xom
Yredelemnul
Zin
The Shining One


Innate Abilities, Weirdness & Mutations

You can breathe bolts of dispelling energy.
Your rich purple scales are hard (AC +7).
Your body does not fit into most forms of armour.
You are cold-blooded and may be slowed by cold attacks.


Message History

The searing ray hits the five-headed hydra.
The five-headed hydra is severely wounded.
The five-headed hydra barely misses you.
The five-headed hydra misses you. The five-headed hydra bites you!
The five-headed hydra bites you but does no damage.
The five-headed hydra closely misses you.
The searing ray hits the five-headed hydra.
The five-headed hydra is almost dead.
The five-headed hydra completely misses you.
The five-headed hydra bites you!
The five-headed hydra barely misses you. x2
The five-headed hydra bites you!
* * * LOW HITPOINT WARNING * * *
Drink which item? (? for menu, Esc to quit)
You feel much better. The five-headed hydra bites you!
The five-headed hydra closely misses you.
The five-headed hydra bites you!
* * * LOW HITPOINT WARNING * * *
The five-headed hydra bites you!
You die...

#..##.#.#.##....#
##.>.............#
#..................
##.....#.#######...
#.....### ##.....###
..
#........########.$..
##.>..........D..†...
#.##.#P### #@#
##..##### #.# #P.##
#.# ##.## #.## #..#
##..# #..# #P.## #.##
##.## #..# ##..#
#.#### ##..##


You could see a five-headed hydra.

Vanquished Creatures
  Pikel (D:7)
  Joseph (D:8)
  Sigmund (D:2)
  A basilisk (Lair:1)
  A hippogriff (D:7)
  A porcupine (Lair:1)
  An orc warrior (D:6)
  2 slaves (D:7)
  An ice beast (D:5)
  2 sky beasts
  4 centaurs
  6 ogres
  A crocodile (Lair:1)
  A big kobold (D:7)
  3 giant frogs
  A wyvern zombie (D:6)
  2 water moccasin zombies
  2 scorpions
  An electric eel (D:9)
  4 howler monkeys
  2 crimson imps
  4 orc wizards
  4 orc priests
  2 hounds
  2 jellies
  8 worker ants
  A killer bee zombie (D:6)
  A hound zombie (D:8)
  3 worker ant zombies
  6 adders
  A river rat (Sewer)
  2 shadow imps
  An ooze (D:2)
  3 adder zombies
  An adder skeleton (D:5)
  6 worms
  4 dart slugs
  8 giant geckos
  19 orcs
  8 ball pythons
  7 giant cockroaches
  9 hobgoblins
  15 jackals
  3 quokkas
  A ball python zombie (D:4)
  9 bats
  A giant cockroach zombie (D:5)
  2 giant gecko skeletons
  A giant gecko zombie (D:6)
  10 giant newts
  7 goblins
  3 jackal skeletons (D:4)
  9 kobolds
  A quokka skeleton (D:6)
  10 rats
  A fungus (D:8)
212 creatures vanquished.

Vanquished Creatures (collateral kills)
  A sky beast (D:5)
1 creature vanquished.

Vanquished Creatures (others)
  An adder (D:7)
  11 fulminant prisms
12 creatures vanquished.

Grand Total: 225 creatures vanquished

Notes
Turn   | Place    | Note
--------------------------------------------------------------
     0 | D:1      | sarahorange the Draconian Conjurer began the quest for the Orb.
     0 | D:1      | Reached XP level 1. HP: 14/14 MP: 3/3
   250 | D:1      | Reached XP level 2. HP: 8/20 MP: 0/5
   609 | D:1      | Learned a level 2 spell: Searing Ray
  1356 | D:1      | Reached XP level 3. HP: 26/26 MP: 3/6
  1680 | D:2      | Found a blossoming altar of Fedhas.
  1922 | D:2      | Found an oddly glowing altar of Pakellas.
  2008 | D:2      | Noticed Sigmund
  2287 | D:3      | Found a blossoming altar of Fedhas.
  2346 | D:3      | Found a glowing drain.
  2366 | Sewer    | Entered a sewer
  2696 | Sewer    | Reached XP level 4. HP: 33/33 MP: 2/7
  2764 | Sewer    | Learned a level 3 spell: Dazzling Spray
  3511 | D:3      | Reached skill level 5 in Conjurations
  4092 | D:2      | Killed Sigmund
  4092 | D:2      | Reached XP level 5. HP: 37/39 MP: 9/9
  4092 | D:2      | Reached XP level 6. HP: 43/46 MP: 9/10
  4253 | D:2      | Found a glowing silver altar of Zin.
  4910 | D:4      | Reached skill level 1 in Fighting
  4910 | D:4      | Reached skill level 6 in Conjurations
  5355 | D:4      | Your scales start taking on a rich purple colour.
  5355 | D:4      | Reached XP level 7. HP: 52/52 MP: 13/13
  5715 | D:4      | Learned a level 4 spell: Iskenderun's Mystic Blast
  6154 | D:4      | Reached skill level 5 in Spellcasting
  6385 | D:5      | Entered Level 5 of the Dungeon
  6605 | D:5      | Reached skill level 7 in Conjurations
  6747 | D:5      | Reached skill level 1 in Hexes
  6788 | D:5      | Reached XP level 8. HP: 59/59 MP: 13/16
  7201 | D:6      | Found a staircase to the Ecumenical Temple.
  7212 | Temple   | Entered the Ecumenical Temple
  7252 | Temple   | Became a worshipper of Sif Muna the Loreminder
  7356 | D:6      | Reached skill level 8 in Conjurations
  7808 | D:5      | Upgraded the game from 0.18.1-47-g9310371 to 0.18.1-48-g4cf74bf
  7813 | D:5      | Learned a level 4 spell: Fulminant Prism
  8210 | D:6      | Reached skill level 1 in Short Blades
  8420 | D:6      | Reached * piety under Sif Muna
  8608 | D:6      | Found a bloodstained altar of Trog.
  8609 | D:6      | Found a sparkling altar of Nemelex Xobeh.
  8615 | D:6      | Found an ancient bone altar of Kikubaaqudgha.
  8672 | D:6      | Reached skill level 9 in Conjurations
  8981 | D:7      | Reached XP level 9. HP: 39/64 MP: 7/19
  9670 | D:7      | Noticed Pikel
 10019 | D:7      | Killed Pikel
 10019 | D:7      | Reached ** piety under Sif Muna
 10250 | D:7      | Reached skill level 10 in Conjurations
 10257 | D:7      | Learned a level 5 spell: Iskenderun's Battlesphere
 10611 | D:8      | Found a staircase to the Lair.
 10729 | D:8      | You fall through a shaft for 2 floors!
 10729 | D:10     | Entered Level 10 of the Dungeon
 10956 | D:9      | Reached *** piety under Sif Muna
 11332 | D:8      | Noticed Joseph
 11348 | D:8      | Killed Joseph
 11348 | D:8      | Reached XP level 10. HP: 52/73 MP: 13/22
 11496 | Lair:1   | Entered Level 1 of the Lair of Beasts
 11504 | Lair:1   | Got a faintly glowing war axe
 11539 | Lair:1   | Identified the +7 war axe "Giantslayer" {flame, -Tele rElec Str+2 Int+6} (You found it on level 1 of the Lair of Beasts)
 11576 | Lair:1   | Reached skill level 5 in Dodging
 11585 | Lair:1   | Got a fine dagger
 11597 | Lair:1   | Noticed a five-headed hydra
 11598 | Lair:1   | Identified the +6 dagger "Ucochin" {freeze, *Noise rC++} (You found it on level 1 of the Lair of Beasts)
 11609 | Lair:1   | Slain by a five-headed hydra

Skill      XL: |  1  2  3  4  5  6  7  8  9 10 |
---------------+-------------------------------+-----
Dodging        | 2 3 4 5 |  5.0
Stealth        | 2 3 |  3.5
Conjurations   | 5 6 7 9 10 | 10.6
Spellcasting   | 3 4 5 6 8 9 |  9.0
Fighting       | 1 2 |  2.3
Hexes          | 1 3 |  3.2
Short Blades   | 1 |  1.3
Unarmed Combat | |  0.6

Action                   |  1- 3 |  4- 6 |  7- 9 | 10-12 || total
-------------------------+-------+-------+-------+-------++-------
Melee: Unarmed           |    34 |       |       |       ||    34
       Tailslap          |     6 |     7 |     2 |     5 ||    20
       Dagger            |    18 |    64 |    34 |    13 ||   129
       War axe           |       |       |       |     1 ||     1
 Cast: Magic Dart        |    58 |    58 |   122 |     5 ||   243
       Searing Ray       |    16 |    22 |    75 |     5 ||   118
       Dazzling Spray    |       |     9 |    36 |     1 ||    46
       Fulminant Prism   |       |       |    10 |     1 ||    11
       Iskenderun's Myst |       |       |     4 |       ||     4
  Use: Scroll            |     2 |    10 |     5 |     2 ||    19
       Potion            |       |     5 |     1 |     1 ||     7
 Stab: Sleeping          |       |       |     1 |       ||     1
       Invisible         |       |       |     1 |       ||     1
  Eat: Chunk             |     5 |     8 |     9 |     1 ||    23
       Meat ration       |     1 |       |     2 |       ||     3
       Royal jelly       |       |       |     1 |       ||     1
       Beef jerky        |       |       |     1 |       ||     1
Armor: Skin              |    18 |    33 |    33 |     3 ||    87
Dodge: Dodged            |    54 |    57 |    68 |    10 ||   189
